Unix NetHack Version 5.0.0-0 post-release - last build Jul 19 2026 19:10:59 (3aa4ab31751d3886436d94b585a96704892fd477,branch:main).

Game began 2026-07-20 17:04:14, ended 2026-07-20 19:20:55.

KnightLite, lawful female human Archeologist

                          -----            -------
                          |...------     --|$$$$.|
                          |%...*...|     |.+:c$$$|
                          |........|     |-|.0e~)|--
                          -------.----   |.+qYC$q-@|
                           |....%....--  |-|geZ:.|u|
                           |..........|  |.+iq$$$|.|
                           |..........|  --|$$$$.|.|
                          -----.--------   ------|.|
                          |............|         |.|
                          |............|         |.|
                          --------.----|         |%|
                           |0%..../...0|         |.|
                           |.%.%.......|         |.|
                          -------.------         |.|
                          |.......----------------.|
                          |>......^................|
                          --------------------------
KnightLite the Investigator  St:18/01 Dx:15 Co:15 In:13 Wi:15 Ch:10  Lawful
Dlvl:5  $:748 HP:0(63) Pw:53(53) AC:0  Xp:9 T:10306 

Latest messages:
 The throwing star hits the ochre jelly!
 The baluchitherium drops a tiger corpse.
 In what direction? 7
 You kill the ochre jelly!
 Welcome to experience level 9.
 The throwing star corrodes!
 A mysterious force prevents the gray unicorn from teleporting!
 A mysterious force prevents the gray unicorn from teleporting!
 The baluchitherium picks up a tiger corpse.
 A mysterious force prevents the gray unicorn from teleporting!
 A mysterious force prevents the gray unicorn from teleporting!
 A mysterious force prevents the gray unicorn from teleporting!
 A mysterious force prevents the gray unicorn from teleporting!
 A mysterious force prevents the gray unicorn from teleporting!
 A mysterious force prevents the gray unicorn from teleporting!
 A mysterious force prevents the gray unicorn from teleporting!
 The gray unicorn misses!
 The gray unicorn kicks!
 You miss the gray unicorn.
 The gray unicorn butts!
 The gray unicorn misses!
 The gray unicorn butts!
 The gray unicorn kicks!
 You miss the gray unicorn.
 The gray unicorn butts!
 The gray unicorn kicks!
 The gray unicorn butts!
 The gray unicorn kicks!
 What do you want to drink?
 Never mind.
 What do you want to use or apply?
 a - an uncursed diluted potion of extra healing.
 The gray unicorn butts!
 The gray unicorn just misses!
 The gray unicorn butts!
 The gray unicorn kicks!
 What do you want to drink?
 You feel much better.
 The gray unicorn butts!
 The gray unicorn kicks!
 The baluchitherium drops a tiger corpse.
 The gray unicorn butts!
 The gray unicorn kicks!
 What do you want to use or apply?
 b - 2 uncursed diluted potions of extra healing.
 The gray unicorn butts!
 The gray unicorn kicks!
 The gray unicorn butts!
 You die...
 Do you want your possessions identified? [ynq] (y) q

Inventory:
 Coins    ('$')
  $ - 748 gold pieces
 Weapons  (')')
  E - a +2 shuriken
  T - 3 +2 shuriken (at the ready)
  i - a +0 dwarvish mattock (weapon in hands)
 Armor    ('[')
  c - an uncursed very rusty +1 pair of iron shoes (being worn)
  p - an uncursed thoroughly rotted +0 oilskin cloak (being worn)
  W - a blessed +3 dwarvish mithril-coat (being worn)
 Comestibles  ('%')
  Q - an uncursed lembas wafer
 Scrolls  ('?')
  B - 2 blessed scrolls of earth
  V - a cursed scroll of fire
  z - a blessed scroll of teleportation
 Potions  ('!')
  X - an uncursed potion of acid
  b - 2 uncursed diluted potions of extra healing
  x - an uncursed potion of gain level
  w - a potion of unholy water
 Rings    ('=')
  A - an uncursed ring of free action
  H - an uncursed ring of levitation
  J - an uncursed ring of regeneration
  C - an uncursed ring of slow digestion (on left hand)
  M - an uncursed ring of sustain ability
  Z - an uncursed ring of teleport control (on right hand)
 Wands    ('/')
  N - a wand of cold named EMPTY (0:0)
  Y - a wand of create monster (0:14)
  G - a wand of nothing (0:11)
  K - a wand of polymorph (0:4)
  d - a wand of speed monster (0:6)
 Tools    ('(')
  h - an uncursed sack containing 8 items
  t - an uncursed mirror
  m - an uncursed skeleton key
  O - an uncursed skeleton key
  D - an uncursed tin whistle
  f - a tinning kit (0:61)
  P - an uncursed towel
 Gems/Stones  ('*')
  e - an uncursed luckstone
  g - an uncursed touchstone
 Special
 (list likely candidates)

Contents of the sack:
  1346 gold pieces
  an uncursed scroll of charging
  a cursed scroll of confuse monster
  a cursed scroll of enchant weapon named cursed
  an uncursed scroll of teleportation
  an uncursed potion of gain ability
  an uncursed potion of confusion
  an uncursed potion of enlightenment

KnightLite the Archeologist's attributes:

Background:
 You were an Investigator, a level 9 female human Archeologist.
 You were lawful, on a mission for Quetzalcoatl
 who was opposed by Camaxtli (neutral) and Huhetotl (chaotic).
 You were right-handed.
 You were in Sokoban, on level 5.
 You entered the dungeon 10306 turns ago.
 You had 2635 experience points, 2485 more were needed to attain level 10.

Basics:
 You had 0 out of 63 hit points.
 You had all 53 energy points (spell power).
 Your armor class was 0.
 Your wallet contained 748 zorkmids, and
 you had 1346 more stashed away in your pack.
 Autopickup was on for '0' plus thrown, with exceptions.

Final Characteristics:
 Your strength was 18/01 (limit:18/100).
 Your dexterity was 15 (limit:18).
 Your constitution was 15 (limit:18).
 Your intelligence was 13 (limit:18).
 Your wisdom was 15 (limit:18).
 Your charisma was 10 (limit:18).

Final Status:
 You weren't hungry.
 You were unencumbered.
 You were wielding a mattock.
 You were skilled in pick-axe and could have enhanced that.

Final Attributes:
 You were piously aligned.
 You were sleep resistant.
 You were telepathic.
 You had automatic searching.
 You were stealthy.
 You had teleport control.
 You had slower digestion.
 You were guarded.
 Your spell casting was impaired by metallic armor.
 You were lucky.
 You had extra luck.
 Bad luck did not time out for you.
 Good luck did not time out for you.
 You are dead.

Miscellaneous:
 You didn't encounter any bones levels.
 Total elapsed playing time was 2 hours, 16 minutes and 40 seconds.

Major events:
 Turn
    1: KnightLite the lawful female human Archeologist entered the dungeon
 1743: entered the Gnomish Mines
 2914: attained the rank of Field Worker (level 3)
 3752: reached Mine Town
 4336: attained the rank of Investigator (level 6)
 8095: entered Sokoban
 8441: completed 1st Sokoban level
 8783: completed 2nd Sokoban level
 9227: completed 3rd Sokoban level
10229: completed 4th Sokoban level
10306: killed by a gray unicorn

Spells:
 Name                 Level Category     Fail Retention
 cure blindness         2   healing      100%  76%-100%

Skills:
 Fighting Skills
   bare handed combat [Unskilled]
   two weapon combat  [Unskilled]
   riding             [Unskilled]
 Weapon Skills
   dagger             [Unskilled]
   knife              [Unskilled]
   pick-axe           [Skilled]
   short sword        [Unskilled]
   saber              [Unskilled]
   club               [Unskilled]
   quarterstaff       [Unskilled]
   sling              [Unskilled]
   dart               [Unskilled]
   boomerang          [Unskilled]
   whip               [Basic]
   unicorn horn       [Unskilled]
 Spellcasting Skills
   attack spells      [Unskilled]
   healing spells     [Unskilled]
   divination spells  [Unskilled]
   matter spells      [Unskilled]

Voluntary challenges:
 Character rerolling was not enabled.
 You never genocided any monsters.
 You never polymorphed an object.
 You never changed form.
 You used no wishes.
 You did not violate any of the special Sokoban rules.
Achievements:
 You entered a shop.
 You entered the Gnomish Mines.
 You attained the rank of Field Worker.
 You entered Minetown.
 You attained the rank of Investigator.
 You entered a temple.
 You entered Sokoban.

 The Dungeons of Doom: levels 1 to 9
    Level 1:
       Some fountains.
    Level 2:
       A general store, some fountains.
    Level 3:
       Many fountains.
       Stairs down to The Gnomish Mines.
    Level 4:
       A fountain.
    Level 5:
       Many fountains, a grave.
    Level 6:
       Some graves.
    Level 7:
       A general store, a fountain.
    Level 8:
       Many fountains.
    Level 9:
       A temple and an altar, a fountain, a sink.
       Stairs up to Sokoban, level 8.
 The Gnomish Mines: levels 4 to 7
    Level 4:
    Level 5:
    Level 6:
    Level 7:
       An altar, some fountains.
 Sokoban: levels 8 up to 5
    Level 5: <- You were here.
       Solved.
       Final resting place for
          you, killed by a gray unicorn.
    Level 6:
       Solved.
    Level 7:
       Solved.
    Level 8:
       Solved.


Vanquished creatures:
  a giant mimic
  2 small mimics
  a glass piercer
  a warhorse
  a gelatinous cube
  2 pyrolisks
  a freezing sphere
  2 tigers
 an ochre jelly
  a carnivorous ape
  2 giant beetles
  2 quivering blobs
  a cockatrice
  a wolf
  a lynx
  a gremlin
  a leprechaun
 an iron piercer
  2 giant spiders
  a scorpion
  a horse
  a black light
  a vampire bat
  4 brown puddings
  2 rust monsters
  2 yetis
  a lizard
  a dog
  2 jaguars
  2 dwarf leaders
  a dust vortex
  a snake
 an ape
  a human zombie
  a rope golem
  a soldier ant
  2 fire ants
  3 bugbears
  a quasit
  a wood nymph
  2 water nymphs
  2 mountain nymphs
  4 Mordor orcs
  7 Uruk-hai
  2 ponies
  a fog cloud
  2 shriekers
  a violet fungus
  4 gnome leaders
  a gnomish wizard
  3 kobold mummies
  a black naga hatchling
  a gray ooze
  a straw golem
  2 giant ants
  2 floating eyes
  9 dwarves
  3 homunculi
  a kobold leader
  2 hill orcs
  5 rothes
  a centipede
  4 dwarf zombies
  3 wererats
  a werejackal
 an iguana
 an acid blob
  a gas spore
  2 hobbits
 12 manes
  3 hobgoblins
  a giant rat
  2 yellow molds
  2 green molds
  2 red molds
 24 gnomes
  9 geckos
  4 jackals
  6 sewer rats
 12 grid bugs
  a bat
  2 lichens
  2 kobold zombies
  7 newts
215 creatures vanquished.

No species were genocided or became extinct.

Game over:
                       ----------
                      /          \
                     /    REST    \
                    /      IN      \
                   /     PEACE      \
                  /                  \
                  |    KnightLite    |
                  |     2094 Au      |
                  | killed by a gray |
                  |     unicorn      |
                  |                  |
                  |                  |
                  |       2026       |
                 *|     *  *  *      | *
        _________)/\\_//(\/(/\)/\//\/|_)_______

Goodbye KnightLite the Archeologist...

You died in Sokoban on dungeon level 5 with 12875 points,
and 2094 pieces of gold, after 10306 moves.
You were level 9 with a maximum of 63 hit points when you died.

